 Dungeon Crawl Stone Soup version 0.26-a0-646-g5d7718319a (webtiles) character file.

Game seed: 12830070861103166081

3934 DogServant the Martial Artist (level 10, -1/81 HPs)
             Began as a Red Draconian Transmuter on Sept 24, 2020.
             Was a Follower of Ru.
             Slain by an ufetubus (2 damage)
             ... while petrified by a basilisk
             ... on level 9 of the Dungeon.
             The game lasted 00:25:16 (10519 turns).

DogServant the Martial Artist (DrTm)               Turns: 10519, Time: 00:25:17

Health: -1/81      AC:  2    Str: 14    XL:     10   Next: 1%
Magic:  10/14      EV:  5    Int: 13    God:    Ru [*.....]
Gold:   374        SH:  0    Dex: 31    Spells: 4/14 levels left

rFire    . . .     SeeInvis .     - Unarmed
rCold    . . .     Faith    .   (shield currently unavailable)
rNeg     + + +     Spirit   .   (armour unavailable)
rPois    ∞         Reflect  .   (helmet currently unavailable)
rElec    .         Harm     .   (cloak currently unavailable)
rCorr    .         Rampage  .   (gloves currently unavailable)
MR       .....                  (boots currently unavailable)
Stlth    ++........             (no amulet)
HPRegen  0.23/turn              e - +6 ring of dexterity
MPRegen  0.14/turn              c - +6 ring of dexterity

@: spider-form (expiring), petrified, wereblooded, lightly drained
A: tiny, (breathe fire), unfitting armour, hated by all, AC +7
a: End Transformation, Renounce Religion


You were on level 9 of the Dungeon.
You worshipped Ru.
Ru was aware of your devotion.
You were a venomous arachnid creature.
You visited 2 branches of the dungeon, and saw 10 of its levels.

You collected 374 gold pieces.

Inventory:

Missiles
 j - 36 poisoned darts
 k - a curare-tipped dart (quivered)
Jewellery
 c - a +6 ring of dexterity (right front leg)
 d - an uncursed ring of wizardry
 e - a +6 ring of dexterity (left front leg)
 q - an uncursed ring of flight
Wands
 s - a wand of disintegration (6)
 t - a wand of polymorph (3)
Scrolls
 a - 6 scrolls of identify
 b - 5 scrolls of enchant weapon
 f - 7 scrolls of remove curse
 p - 2 scrolls of teleportation
 u - a scroll of enchant armour {unknown}
Potions
 g - 3 potions of stabbing
 h - 2 potions of heal wounds
 i - 2 potions of lignification
 l - a potion of haste
 m - a potion of mutation
 n - 2 potions of brilliance
 o - 2 potions of curing
 r - 2 potions of might
 v - a potion of invisibility {unknown}


   Skills:
 - Level 5.0(4.7) Fighting
 + Level 6.0(5.7) Dodging
 + Level 8.7(8.4) Unarmed Combat
 + Level 2.8(2.5) Spellcasting
 + Level 5.7(5.4) Transmutations
 - Level 4.1(3.8) Ice Magic
 - Level 4.0(3.7) Poison Magic


You had 4 spell levels left.
You knew the following spells:

 Your Spells              Type           Power        Failure   Level
a - Beastly Appendage     Tmut           ###...       10%         1
b - Wereblood             Tmut           ###.....     12%         2
c - Spider Form           Tmut/Pois      ##........   26%         3
d - Ice Form              Ice/Tmut       ##......     56%         4

Your spell library contained the following spells:

 Spells                   Type           Power        Failure   Level
 Blade Hands              Tmut           ###.......   77%         5


Dungeon Overview and Level Annotations

Branches:
Dungeon (9/15)             Temple (1/1) D:5            Lair (0/6) D:9
    Orc: D:9-12

Altars:
Ashenzari
Cheibriados
Dithmenos
Elyvilon
Fedhas
Gozag
Hepliaklqana
Kikubaaqudgha
Makhleb
Nemelex Xobeh
Okawaru
Qazlal
Ru
Sif Muna
Trog
Uskayaw
Vehumet
Wu Jian
Xom
Yredelemnul
Zin
The Shining One

Shops:
D:5 =

Annotations:
D:3 1 runed translucent door, Crazy Yiuf
D:4 Menkaure
D:7 3 runed translucent doors, YoungGLord's ghost, novice GrEE


Innate Abilities, Weirdness & Mutations

((You can breathe blasts of fire.))
((Your fiery red scales are hard. (AC +7)))
You cannot fit into any form of body armour.
((Your flesh is heat resistant. (rF+)))
((You are cold-blooded and may be slowed by cold attacks.))
You are hated by all.


Message History

The ufetubus is stunned by your will and fails to attack.
The yak gores you!
Your transformation is almost over.
A nearby plant withers and dies.
The troll bites you! The troll claws you!
* * * LOW HITPOINT WARNING * * *
The troll claws you!
* * * LOW HITPOINT WARNING * * *
The hippogriff completely misses you. The hippogriff barely misses you. x2
The orc barely misses you.
The orc warrior hits you with a +0 broad axe!!
* * * LOW HITPOINT WARNING * * *
The orc hits you but does no damage. The ufetubus hits you.
* * * LOW HITPOINT WARNING * * *
The ufetubus barely misses you. The basilisk bites you.
The wight hits you from afar with a +1 halberd.
* * * LOW HITPOINT WARNING * * *
The yak gores you!
* * * LOW HITPOINT WARNING * * *
The ufetubus hits you.
You die...

....................#..
..(............<......#
.....................##
..#...........(......#
###.....####....#
##.........##......
###..P.zzz....#......
#....lo5YO..... .....
#....oosH5..... .....
.....P.Tol..P...
#..#..P........# ..
##.........## #
###.....### .......
...?.... ..........


You could see a hippogriff, a yak, a troll, 2 basilisks, an orc warrior, an
ogre, 3 wights, an orc wizard, a quasit, 2 orcs and an ufetubus.

Vanquished Creatures
  Harold (D:8)
  A hippogriff (D:8)
  A meliai zombie (D:8)
  Edmund (D:4)
  An ice beast (D:8)
  2 black bears
  4 ogres
  An eye of draining (D:8)
  Blork the orc (D:6)
  5 bullfrogs
  2 scorpions
  9 killer bees (D:8)
  5 wights
  A bullfrog zombie (D:6)
  A centaur zombie (D:5)
  A quasit (D:6)
  3 jellies
  2 bullfrog skeletons
  An orc priest (D:3)
  2 hounds
  2 centaur skeletons (D:6)
  2 iguanas
  9 worker ants
  4 gnolls (D:7)
  A howler monkey skeleton (D:7)
  8 adders
  2 shadow imps
  2 white imps
  2 ufetubi
  4 worms
  2 dart slugs (D:1)
  8 leopard geckos
  17 orcs
  6 giant cockroaches
  9 goblins
  7 hobgoblins
  9 jackals
  8 kobolds
  5 quokkas
  2 ball pythons
  7 bats
  3 frilled lizards
  2 jackal skeletons
  A leopard gecko skeleton (D:6)
  2 leopard gecko zombies
  9 rats
178 creatures vanquished.

Vanquished Creatures (others)
  A centaur (D:5)
  A killer bee (D:8)
  A plant (D:9)
3 creatures vanquished.

Grand Total: 181 creatures vanquished

Notes
Turn   | Place    | Note
-------+----------+-------------------------------------------
     0 | D:1      | DogServant the Draconian Transmuter began the quest for the
                  | Orb.
     0 | D:1      | Reached XP level 1. HP: 16/16 MP: 3/3
   166 | D:1      | Reached XP level 2. HP: 23/23 MP: 5/5
   464 | D:1      | Reached XP level 3. HP: 26/28 MP: 4/6
  1021 | D:2      | Reached skill level 4 in Unarmed Combat
  1146 | D:2      | Found a stormy altar of Qazlal.
  1148 | D:2      | Noticed a fire elemental
  1148 | D:2      | Noticed an air elemental
  1149 | D:2      | Noticed a water elemental
  1149 | D:2      | Noticed an earth elemental
  1288 | D:2      | Found a burning altar of Makhleb.
  1425 | D:2      | You fall into a shaft and drop 1 floor!
  1438 | D:3      | Reached XP level 4. HP: 13/35 MP: 7/7
  1964 | D:3      | Learned a level 2 spell: Wereblood
  1968 | D:3      | Learned a level 3 spell: Spider Form
  2060 | D:3      | Reached XP level 5. HP: 13/41 MP: 6/8
  2362 | D:2      | Found an iron altar of Okawaru.
  2832 | D:3      | Found a runed translucent door.
  2833 | D:3      | Noticed Crazy Yiuf
  3235 | D:4      | Reached skill level 5 in Unarmed Combat
  3269 | D:4      | Reached skill level 1 in Poison Magic
  3419 | D:4      | Reached XP level 6. HP: 50/50 MP: 9/9
  4031 | D:4      | Noticed Edmund
  4044 | D:4      | Killed Edmund
  4044 | D:4      | Your scales start taking on a fiery red colour.
  4044 | D:4      | Reached XP level 7. HP: 58/58 MP: 7/10
  4044 | D:4      | Gained mutation: Your flesh is heat resistant. (rF+) [Red
                  | Draconian growth]
  4180 | D:4      | Noticed Menkaure
  4204 | D:5      | Entered Level 5 of the Dungeon
  4204 | D:5      | Found a radiant altar of Vehumet.
  4384 | D:5      | Found a staircase to the Ecumenical Temple.
  4394 | Temple   | Entered the Ecumenical Temple
  4401 | Temple   | Became a worshipper of Ru the Awakened
  4728 | D:5      | Reached skill level 6 in Unarmed Combat
  5140 | D:5      | Found Ahiqon's Jewellery Shoppe.
  5157 | D:5      | Found a snail-covered altar of Cheibriados.
  5849 | D:6      | Reached XP level 8. HP: 67/67 MP: 9/11
  5941 | D:6      | Found the +6 lightning scales {run, rElec}
  6169 | D:6      | Reached skill level 5 in Fighting
  6175 | D:6      | Learned a level 4 spell: Ice Form
  6642 | D:6      | Noticed Blork the orc
  6643 | D:6      | Reached skill level 1 in Ice Magic
  6653 | D:6      | Killed Blork the orc
  6653 | D:6      | Reached skill level 5 in Transmutations
  6755 | D:6      | Found a glowing golden altar of the Shining One.
  7346 | D:7      | Found a runed translucent gate.
  7346 | D:7      | Found a runed translucent gate.
  7346 | D:7      | Found a runed translucent gate.
  7347 | D:7      | Noticed YoungGLord's ghost (novice GrEE)
  7390 | D:7      | Found a shadowy altar of Dithmenos.
  7430 | D:7      | Noticed a hornet
  7461 | D:7      | Reached skill level 7 in Unarmed Combat
  7575 | D:7      | Found an ancient bone altar of Kikubaaqudgha.
  7575 | D:7      | Found an opulent altar of Gozag.
  7969 | D:8      | Reached XP level 9. HP: 48/74 MP: 9/12
  8511 | D:8      | Noticed Harold
  8581 | D:8      | HP: 1/74 [Harold/+0 vorpal flail (3)]
  8582 | D:8      | Killed Harold
  8582 | D:8      | Reached skill level 5 in Dodging
  8582 | D:8      | Reached skill level 8 in Unarmed Combat
  9016 | D:8      | Gained mutation: You are hated by all. [Ru sacrifice]
  9016 | D:8      | Reached * piety under Ru
  9530 | D:8      | Found a hide-covered altar of Uskayaw.
  9535 | D:8      | Noticed a +0 hand axe
  9536 | D:8      | Noticed a +0 dagger
 10255 | D:8      | Reached XP level 10. HP: 81/81 MP: 12/14
 10375 | D:9      | Found a staircase to the Lair.
 10518 | D:9      | HP: 1/81 [yak (5)]
 10519 | D:9      | Slain by an ufetubus

Illustrated notes

Levels and vault maps discovered:
D:1:      eino_arrival_cavern_b, layout_rooms
D:2:      minmay_wonky_spiral, layout_loops_ring,
          nicolae_qazlal_style_of_elements, okawaru_gym_becter,
          old_standard_altar
D:3:      layout_basic, uniq_crazy_yiuf_cottage
D:4:      layout_basic, uniq_menkaure, uniq_edmund
D:5:      layout_loops_cross, slow_altar_1, fiery_altar_vehumet,
          minmay_temple_entry_mini_moons, minmay_shop_enchanted_jewellery,
          minmay_misc_feat_tower
D:6:      layout_loops_corners, nicolae_tso_swordbearing_angel,
          uniq_blork_the_orc
D:7:      layout_gridville, nicolae_dithmenos_shadow_blocks,
          chequers_temple_overflow_statue_of_worship, gammafunk_ghost_necromancy
D:8:      cheibrodos_barr_body, layout_gridville, dancing_weapons_uskayaw,
          uniq_harold
D:9:      layout_rooms, david_lair_generic
Temple:   cyrus_circular_temple

Skill      XL: |  1  2  3  4  5  6  7  8  9 |
---------------+----------------------------+-----
Dodging        | 2 3 4 6 |  6.0
Unarmed Combat | 4 5 6 7 8 |  8.7
Fighting       | 2 3 4 5 |  5.0
Poison Magic   | 1 2 3 4 |  4.0
Transmutations | 3 4 5 |  5.7
Ice Magic      | 2 4 |  4.1
Spellcasting   | |  2.8

Action                   |  1- 3 |  4- 6 |  7- 9 | 10-12 || total
-------------------------+-------+-------+-------+-------++-------
Melee: Unarmed           |   122 |   164 |   305 |     2 ||   593
       Kick              |    11 |    27 |    80 |     2 ||   120
       Headbutt          |     4 |    21 |    51 |       ||    76
       Tailslap          |     9 |    26 |    56 |       ||    91
       Punch             |     2 |     6 |    19 |       ||    27
Throw: Dart              |       |     4 |       |       ||     4
 Cast: Beastly Appendage |    12 |    19 |    31 |     1 ||    63
       Wereblood         |       |     1 |     6 |     1 ||     8
       Spider Form       |       |     1 |     4 |     1 ||     6
Invok: Sacrifice Love    |       |       |     1 |       ||     1
Evoke: Wand              |       |       |     3 |       ||     3
  Use: Scroll            |       |    12 |     5 |       ||    17
       Potion            |       |     2 |       |       ||     2
 Stab: Sleeping          |       |       |     5 |       ||     5
Armor: Skin              |    49 |    41 |    60 |     4 ||   154
Dodge: Dodged            |    94 |   133 |   240 |    25 ||   492

Table legend: (Time is in decaauts)
 A = Elapsed time spent in this place.
 B = Non-inter-level travel time spent in this place.
 C = Inter-level travel time spent in this place.
 D = Time resting spent in this place.
 E = Time spent auto-exploring this place.
 F = Levels seen in this place.
 G = Mean time per level.
                   A        B        C        D        E       F      G
               +--------+--------+--------+--------+--------+-----+--------+
         Total |  10453 |  10023 |    430 |   3491 |   5131 |  10 | 1045.3 |
       Dungeon |  10400 |   9979 |    421 |   3491 |   5095 |   9 | 1155.6 |
        Temple |     52 |     43 |      9 |      0 |     36 |   1 |   52.0 |
               +--------+--------+--------+--------+--------+-----+--------+

Top non-repeatable levels by time:
     D:8: 2641 daAuts
     D:5: 1575 daAuts
     D:3: 1429 daAuts
     D:6: 1164 daAuts
     D:1: 1013 daAuts
     D:4: 987 daAuts
     D:7: 823 daAuts
     D:2: 750 daAuts
  Temple: 52 daAuts
     D:9: 15 daAuts
